AoeStats
← Dustin

Arabia

509876662Analyzed
2v2 RM · 3d ago on Sep 28, 2026· 35m 33s· 4 players
Game mode
Random Map
Map size
Medium (4 player)
Population
200
Speed
Normal
Resources
Standard
Victory
Conquest
Starting age
Dark Age
Ending age
Imperial Age
RankedLock teamsTeams togetherTeam positionsShared explorationLock speedFull tech treeHidden civsTurbo modeCheats
Victory
Defeat
🇭🇰 Tatars · Hong Kong SAR China
1466
+19
🇭🇰 Varangians · Hong Kong SAR China
1452
+20
🇩🇪 Turks · Germany
1548
-20
🇩🇪 Sicilians · Germany
1513
-19
Grrgrag
6:24 Loom
8:54 Feudal Age
20:53 Castle Age
19:08 Double-Bit Axe
19:36 Gold Mining
21:45 Bow Saw
21:26 Fletching
22:21 Bodkin Arrow
23:14 Padded Archer Armor
27:43 Leather Archer Armor
27:29 Husbandry
28:25 Wheelbarrow
27:57 Horse Collar
29:11 Bloodlines
30:50 Ballistics
31:17 Stone Mining
Steven S Lee
5:59 Loom
8:51 Feudal Age
9:26 Double-Bit Axe
14:03 Bloodlines
16:39 Forging
18:46 Wheelbarrow
20:56 Scale Barding Armor
25:44 Castle Age
23:52 Horse Collar
24:27 Gold Mining
25:46 Light Cavalry
26:47 Chain Barding Armor
32:08 Fletching
34:34 Bow Saw
Dustin
4:46 Loom
9:29 Feudal Age
10:01 Double-Bit Axe
16:03 Fletching
18:56 Horse Collar
20:52 Wheelbarrow
23:47 Castle Age
23:52 Crossbowman
24:28 Bodkin Arrow
24:46 Bow Saw
27:25 Padded Archer Armor
29:10 Heavy Plow
34:55 Leather Archer Armor
Flying Mouse -AOE-
6:21 Loom
9:22 Feudal Age
10:09 Double-Bit Axe
13:03 Horse Collar
21:11 Castle Age
20:07 Forging
21:32 Bloodlines
21:30 Scale Barding Armor
24:06 Husbandry
28:06 Wheelbarrow
32:20 Hand Cart
32:37 Town Watch
33:54 Chain Barding Armor
Connection lost

Rejoining the realm…

Still unreachable

The connection could not be restored.

Session expired

The server has moved on; the page needs a fresh start.